 Dungeon Crawl Stone Soup version 0.23.2 (webtiles) character file.

Game seed: 10075388196638521176

5776 Cykl0x the Cleaver (level 10, 0/84 HPs)
             Began as a Minotaur Fighter on Apr 11, 2019.
             Was a Priest of Makhleb.
             Slain by a troll (7 damage)
             ... on level 9 of the Dungeon.
             The game lasted 00:20:29 (7488 turns).

Cykl0x the Cleaver (Minotaur Fighter)               Turns: 7488, Time: 00:20:30

Health: 0/84       AC: 13    Str: 24    XL:     10   Next: 50%
Magic:  12/12      EV:  9    Int:  5    God:    Makhleb [***...]
Gold:   484        SH: 11    Dex: 10    Spells: 9/9 levels left

rFire    . . .     SeeInvis .   t - +0 broad axe (freeze)
rCold    . . .     Gourm    .   c - +0 shield
rNeg     . . .     Faith    .   e - +0 chain mail
rPois    .         Spirit   .   (helmet restricted)
rElec    .         Reflect  .   n - +0 cloak
rCorr    .         Harm     .   (no gloves)
MR       .....                  h - +0 pair of boots
Stlth    ..........             (no amulet)
HPRegen  0.24/turn              r - ring of flight
MPRegen  0.13/turn              (no ring)

@: no status effects
A: retaliatory headbutt, horns 2
a: Minor Destruction, Lesser Servant of Makhleb, Renounce Religion, Evoke Flight


You were on level 9 of the Dungeon.
You worshipped Makhleb.
Makhleb was most pleased with you.
You were hungry.

You visited 2 branches of the dungeon, and saw 10 of its levels.

You collected 484 gold pieces.

Inventory:

Hand Weapons
 t - a +0 broad axe of freezing (weapon)
 y - a +1 falchion of flaming
Missiles
 s - 9 tomahawks
 C - 6 javelins (quivered)
Armour
 b - a +0 scale mail
 c - a +0 shield (worn)
 e - a +0 chain mail (worn)
 h - a +0 pair of boots (worn)
 n - a +0 cloak (worn)
Jewellery
 r - a ring of flight (left hand)
Scrolls
 g - 2 scrolls of immolation
 i - 4 scrolls of teleportation
 m - 2 scrolls of amnesia
 q - 4 scrolls of remove curse
Potions
 a - a potion of mutation
 d - a potion of curing
 j - a potion of agility {unknown}
 k - 2 potions of flight
 l - a potion of cancellation
 o - 4 potions of lignification
 p - 3 potions of magic
 u - a potion of heal wounds {unknown}
 v - a potion of brilliance {unknown}
 w - a potion of invisibility {unknown}
 x - a potion of haste {unknown}
 z - a potion of berserk rage {unknown}
Comestibles
 f - 23 rations


   Skills:
 + Level 6.8 Fighting
 * Level 12.5 Axes
 + Level 7.0 Armour
 * Level 6.4 Dodging
 + Level 1.2 Stealth
 + Level 7.4 Shields
 * Level 4.3 Invocations
 + Level 0.3 Evocations


You had 9 spell levels left.
You didn't know any spells.
Your spell library contained the following spells:

 Spells                   Type           Power        Failure   Level  Hunger
 Freeze                   Ice            #...         100%        1    ##.....
 Sandblast                Erth           #.....       100%        1    ##.....
 Passwall                 Tmut/Erth      #.......     100%        2    ###....
 Throw Frost              Conj/Ice       #.....       100%        2    ###....
 Ozocubu's Armour         Chrm/Ice       #.......     100%        3    ####...
 Stone Arrow              Conj/Erth      #.....       100%        3    ####...
 Petrify                  Tmut/Erth      #.......     100%        4    #####..
 Summon Ice Beast         Ice/Summ       #.......     100%        4    #####..
 Throw Icicle             Conj/Ice       #.......     100%        4    #####..
 Lee's Rapid Deconstruct  Erth           #.........   100%        5    ######.


Dungeon Overview and Level Annotations

Branches:
Dungeon (9/15)             Temple (1/1) D:6            Lair (0/6) D:8
    Orc (0/2) D:9

Altars:
Ashenzari
Cheibriados
Dithmenos
Elyvilon
Fedhas
Gozag
Hepliaklqana
Kikubaaqudgha
Makhleb
Nemelex Xobeh
Okawaru
Qazlal
Ru
Sif Muna
Trog
Uskayaw
Vehumet
Wu Jian
Xom
Yredelemnul
Zin
The Shining One


Innate Abilities, Weirdness & Mutations

You reflexively headbutt those who attack you in melee.
You have a pair of horns on your head.


Message History

The gnoll shouts!
You headbutt the troll.
The troll is almost dead.
You block the troll's attack. x2; The troll completely misses you.
The gnoll sergeant hits you from afar with a +0 spear.
* * * LOW HITPOINT WARNING * * *
You hit the troll but do no damage.
The troll is almost dead.
The troll bites you but does no damage. The troll closely misses you.
The troll barely misses you.
The gnoll sergeant hits you but does no damage.
The troll bites you!
* * * LOW HITPOINT WARNING * * *
You block the troll's attack. x2
You hit the troll. You freeze the troll.
The troll is almost dead.
You block the gnoll sergeant's attack. The troll barely misses you.
You furiously retaliate!
You headbutt the troll. The troll closely misses you. The troll claws you!
You die...

.... #... ##..##
### #.....
#########.# #.....
#()(......###.....
#)#######.........
#(# #..#.....# #@#
#.####....
#)TKK>..#.####....
#.#g....#.........
#.#8...8#.....#...
#.# #####.#...##..
#.. ...#######.
### #( #. ##


You could see a troll, 2 big kobolds and a gnoll sergeant.

Vanquished Creatures
  A troll (D:9)
  A hippogriff (D:5)
  Sigmund (D:6)
  Eustachio (D:5)
  A yak (D:8)
  Menkaure (D:5)
  A porcupine (D:8)
  4 orc warriors
  3 black bears (D:8)
  A sky beast (D:5)
  3 phantoms
  7 ogres
  4 centaurs
  3 big kobolds (D:9)
  5 bullfrogs
  A wyvern zombie (D:6)
  3 gnoll sergeants
  5 scorpions
  8 killer bees
  A bullfrog zombie (D:5)
  3 crimson imps
  3 hounds
  4 jellies (D:8)
  9 orc wizards
  Crazy Yiuf (D:2)
  A bullfrog skeleton (D:3)
  5 orc priests
  3 centaur skeletons
  4 worker ants
  A hound skeleton (D:5)
  Robin (D:3)
  15 gnolls
  A howler monkey skeleton (D:6)
  11 adders
  3 shadow imps
  6 oozes
  2 adder zombies
  An adder skeleton (D:8)
  7 worms
  2 dart slugs
  3 leopard geckos
  21 orcs
  10 bats
  5 giant cockroaches
  8 hobgoblins
  14 jackals
  2 quokkas
  A ball python (D:3)
  6 frilled lizards
  18 goblins
  A jackal skeleton (D:4)
  7 kobolds
  A quokka skeleton (D:7)
  7 rats
  2 fungi (D:8)
  3 plants (D:8)
247 creatures vanquished.

Vanquished Creatures (others)
  19 fungi (D:8)
  4 plants (D:8)
23 creatures vanquished.

Grand Total: 270 creatures vanquished

Notes
Turn   | Place    | Note
-------+----------+-------------------------------------------
     0 | D:1      | Cykl0x the Minotaur Fighter began the quest for the Orb.
     0 | D:1      | Reached XP level 1. HP: 19/19 MP: 0/0
   202 | D:1      | Reached XP level 2. HP: 22/27 MP: 1/1
   396 | D:1      | Reached skill level 3 in Axes
   833 | D:1      | Reached XP level 3. HP: 32/33 MP: 2/2
  1109 | D:2      | Reached skill level 1 in Dodging
  1150 | D:2      | Reached skill level 4 in Axes
  1312 | D:2      | Reached XP level 4. HP: 40/40 MP: 3/3
  1646 | D:2      | Found a runed translucent door.
  1647 | D:2      | Noticed Crazy Yiuf
  1660 | D:2      | Killed Crazy Yiuf
  2108 | D:3      | Noticed Robin
  2118 | D:3      | Killed Robin
  2118 | D:3      | Reached skill level 5 in Axes
  2118 | D:3      | Reached XP level 5. HP: 35/46 MP: 4/4
  2820 | D:4      | Found an iron altar of Okawaru.
  3039 | D:5      | Entered Level 5 of the Dungeon
  3058 | D:5      | Noticed Eustachio
  3075 | D:5      | Killed Eustachio
  3075 | D:5      | Reached skill level 6 in Axes
  3075 | D:5      | Reached XP level 6. HP: 23/52 MP: 5/5
  3225 | D:5      | Noticed a sky beast
  3264 | D:5      | Killed a sky beast
  3264 | D:5      | Reached XP level 7. HP: 14/60 MP: 6/6
  3416 | D:5      | Reached skill level 7 in Axes
  3529 | D:5      | Reached skill level 5 in Shields
  3543 | D:5      | Noticed Menkaure
  3551 | D:5      | Killed Menkaure
  3562 | D:5      | Noticed a hippogriff
  3857 | D:5      | Killed a hippogriff
  3857 | D:5      | Reached skill level 8 in Axes
  3857 | D:5      | Reached XP level 8. HP: 60/67 MP: 7/7
  3909 | D:5      | Reached skill level 5 in Armour
  4114 | D:6      | Found a staircase to the Ecumenical Temple.
  4122 | Temple   | Entered the Ecumenical Temple
  4195 | Temple   | Became a worshipper of Makhleb the Destroyer
  4333 | D:6      | Reached skill level 5 in Fighting
  4339 | D:6      | Reached skill level 9 in Axes
  4549 | D:6      | Noticed Sigmund
  4557 | D:6      | Killed Sigmund
  4557 | D:6      | Reached skill level 1 in Invocations
  4654 | D:6      | Found a shimmering altar of Xom.
  5041 | D:7      | Reached skill level 1 in Stealth
  5045 | D:7      | Reached * piety under Makhleb
  5106 | D:7      | Reached XP level 9. HP: 72/74 MP: 9/9
  5137 | D:7      | Reached skill level 5 in Dodging
  5149 | D:7      | Reached skill level 10 in Axes
  5740 | D:8      | Reached ** piety under Makhleb
  5833 | D:8      | Reached skill level 11 in Axes
  6130 | D:8      | Found a staircase to the Lair.
  6559 | D:8      | Reached XP level 10. HP: 84/84 MP: 11/11
  6627 | D:8      | Found the +8 arc blade {discharge, rElec}
  6638 | D:8      | Reached *** piety under Makhleb
  6910 | D:9      | Reached skill level 12 in Axes
  7421 | D:9      | Found a staircase to the Orcish Mines.
  7488 | D:9      | Slain by a troll

Skill      XL: |  1  2  3  4  5  6  7  8  9 10 |
---------------+-------------------------------+-----
Axes           | 3 4 5 6 8 9 11 12 | 12.5
Shields        | 4 5 6 7 |  7.4
Dodging        | 1 2 3 4 5 6 |  6.4
Fighting       | 4 5 6 |  6.8
Armour         | 4 5 6 7 |  7.0
Invocations    | 1 3 4 |  4.3
Stealth        | 1 |  1.2
Evocations     | |  0.3

Action                   |  1- 3 |  4- 6 |  7- 9 | 10-12 || total
-------------------------+-------+-------+-------+-------++-------
Melee: War axe           |   103 |   160 |    35 |       ||   298
       Headbutt          |    16 |    24 |    57 |    25 ||   122
       Broad axe         |       |       |   248 |   118 ||   366
Throw: Stone             |    14 |    13 |     4 |       ||    31
       Tomahawk          |       |       |    20 |       ||    20
       Javelin           |       |       |       |     2 ||     2
 Abil: Stop Flying       |       |     1 |       |       ||     1
       Evoke Flight      |       |     1 |       |       ||     1
  Use: Scroll            |     5 |     7 |     8 |     2 ||    22
       Potion            |       |     1 |     1 |       ||     2
  Eat: Chunk             |     1 |     7 |     8 |     2 ||    18
       Ration            |       |       |     1 |       ||     1
Armor: Scale mail        |    44 |   111 |    10 |       ||   165
       Chain mail        |       |       |   169 |    46 ||   215
Dodge: Dodged            |    31 |    54 |   140 |    62 ||   287
Block: Shield            |    60 |   104 |   191 |    76 ||   431
